 Dungeon Sprint DCSS version 0.16-a0-1295-g5a7e1d0 (webtiles) character file.

10900000 Consentacles the Axe Maniac (level 27, -30/199 HPs)
             Began as a Gargoyle Warper on Oct 14, 2014.
             Was the Champion of Makhleb.
             Killed from afar by a lost soul (46 damage)
             ... with a bolt of negative energy
             ... in the Dungeon (Sprint VIII: "Arena of Blood").
             The game lasted 00:09:35 (109 turns).

Consentacles the Axe Maniac (Gargoyle Warper)        Turns: 109, Time: 00:09:36

Health: -30/199    AC: 27    Str: 15    XL:     27
Magic:  26/49      EV: 32    Int: 18    God:    Makhleb [******]
Gold:   0          SH:  0    Dex: 18    Spells: 1 memorised, 79 levels left

rFire  . . .     SeeInvis .     l - +∞ Axe of Woe
rCold  . . .     Clarity  .     b - +0 leather armour
rNeg   + . .     SustAb   .     (no shield)
rPois  +         Gourm    .     (no helmet)
rElec  +         Spirit   .     (no cloak)
rCorr  .         Warding  .     (no gloves)
rMut   .         NoTele   +     (no boots)
MR     ++...                    (no amulet)
Stlth  +++++++++.               (no ring)
                                (no ring)

@: drained, very resistant to hostile enchantments, incredibly stealthy
A: able to fly continuously, big wings, negative energy resistance 1,
electricity resistance, unbreathing, petrification resistance, rot immunity, AC
+20
a: Fly, Minor Destruction, Lesser Servant of Makhleb, Major Destruction, Greater
Servant of Makhleb, Renounce Religion


You were in the Dungeon.
You worshipped Makhleb.
Makhleb was exalted by your worship.
You were not hungry.

You visited 1 branch

Inventory:

Hand weapons
 a - a +0 hand axe
 l - the +∞ Axe of Woe (weapon)
   (You found it in the Dungeon)
Missiles
 e - 5 tomahawks of dispersal (quivered)
Armour
 b - a +0 leather armour (worn)
Scrolls
 d - 2 scrolls of blinking
Potions
 g - a potion of curing
 h - a potion of heal wounds
 i - a potion of haste
 j - 2 potions of magic
 k - a potion of berserk rage
Books
 c - a book of Spatial Translocations

   Spells                             Type                      Level
   *Apportation                       Translocation                1
   Blink                              Translocation                2
   Shroud of Golubria                 Charms/Translocation         2
   Portal Projectile                  Translocation                3
   Teleport Other                     Translocation                3
   Passage of Golubria                Translocation                4
Comestibles
 f - a bread ration


   Skills:
 O Level 27(25.5) Fighting
 O Level 27(25.5) Axes
 O Level 27(25.5) Throwing
 O Level 27(25.5) Armour
 O Level 27(25.5) Dodging
 O Level 27(25.5) Stealth
 O Level 27(25.5) Unarmed Combat
 O Level 27(25.5) Spellcasting
 O Level 27(25.5) Translocations
 O Level 27(25.5) Invocations


You had 79 spell levels left.
You knew the following spells:

 Your Spells              Type           Power        Failure   Level  Hunger
a - Apportation           Tloc           #######...   0%          1    None


Dungeon Overview and Level Annotations

Branches:
Dungeon (1/1)

Altars:
Makhleb

Annotations:
D The Defiler


Innate Abilities, Weirdness & Mutations

You are resistant to torment.
You are immune to poison.
You can fly continuously.
Your stone body is very resilient (AC +20).
Your wings are large and strong.
You resist negative energy.
You are resistant to electric shocks.
You can survive without breathing.
You are immune to petrification.
You are immune to rotting.


Message History

The accursed gestures at you while chanting.
Something smites you!
* * * LOW HITPOINT WARNING * * *
The eight-headed meat hydra calls on the powers of darkness!
The eight-headed meat hydra convulses!
The bag of meat convulses!
The meat berserker convulses!
Your body is wracked with pain!
* * * LOW HITPOINT WARNING * * *
You hear a shout!
The bolt of negative energy misses you.
The bolt of negative energy hits something.
You hear a shout! x3
Unknown command.
You aren't carrying any items that can be evoked.
You hear a shout!
Something smites you!
* * * LOW HITPOINT WARNING * * *
You hear a shout!
The large abomination closely misses you.
The bolt of negative energy hits you! You partially resist.
You feel drained.
You die...

#......%.............
%.....................
.....XX....%.........
#)))).XX#.......... .#.
#.))XLXX# .........
......###))))CD.###D........
.........))###)o..).)......#
...#.....)))_)OM)X))).......
#.......#.)).)#@%§%...#.#.
........#_)<)_#..........
#....o..#..)))#......#.#.#
.#........_..§..........
........###.........#.
..###.......###......
#.......# ...... #.. ....#
.... .. .... ...


You could see an accursed, a tentacled monstrosity (wandering), a tyrant, 2
eight-headed meat hydras, a large bag of meat (inner flame), 7 large
abominations, a meat berserker (berserk) and a bag of meat.

Vanquished Creatures
  A great orb of eyes (D)
  4 greater mummies (D)
  7 hell beasts (D)
  3 hill giants (D)
  2 hydras (D)
  6 liches (D)
  23 ogres (D)
  54 orcs (D)
  2 phantoms (D)
  3 skeletal warriors (D)
  11 vampire knights (D)
  3 wraiths (D)
  2 tentacled monstrosities (D)
  A reaper (D)
  6 large abominations (D)
  3 small abominations (D)
  A soul eater (D)
  2 crawling corpses (D)
134 creatures vanquished.

Vanquished Creatures (others)
  2 orcs (D)
  6 crawling corpses (D)
8 creatures vanquished.

Grand Total: 142 creatures vanquished

Notes
Turn   | Place    | Note
--------------------------------------------------------------
     0 | D        | Consentacles, the Gargoyle Warper, began the quest for the Orb.
     0 | D        | Reached XP level 1. HP: 12/12 MP: 3/3
     3 | D        | Noticed a bag of meat
     4 | D        | Became a worshipper of Makhleb the Destroyer
     5 | D        | Noticed a bag of meat
     6 | D        | Noticed a bag of meat
     6 | D        | Noticed a bag of meat
     6 | D        | Noticed a bag of meat
     6 | D        | Noticed a bag of meat
     8 | D        | Noticed a bag of meat
     8 | D        | Noticed a bag of meat
     8 | D        | Noticed a bag of meat
    10 | D        | Noticed a bag of meat
    10 | D        | Noticed a meat berserker
    10 | D        | Killed a bag of meat
    10 | D        | Reached skill level 11 in Fighting
    10 | D        | Reached skill level 10 in Spellcasting
    10 | D        | Reached skill level 16 in Translocations
    10 | D        | Reached XP level 2. HP: 14/29 MP: 3/16
    10 | D        | Reached XP level 3. HP: 16/34 MP: 3/18
    10 | D        | Reached XP level 4. HP: 18/40 MP: 3/21
    10 | D        | Reached XP level 5. HP: 19/44 MP: 3/22
    10 | D        | Reached XP level 6. HP: 21/49 MP: 3/24
    10 | D        | Reached XP level 7. HP: 23/54 MP: 3/25
    10 | D        | Reached XP level 8. HP: 25/60 MP: 3/27
    10 | D        | Reached XP level 9. HP: 26/64 MP: 3/28
    10 | D        | Reached XP level 10. HP: 28/69 MP: 3/29
    10 | D        | Reached XP level 11. HP: 30/74 MP: 3/30
    10 | D        | HP: 1/74 [bag of meat/+9 war axe (29)]
    11 | D        | Killed a bag of meat
    11 | D        | Acquired Makhleb's first power
    11 | D        | Reached skill level 17 in Axes
    11 | D        | Reached XP level 12. HP: 1/80 MP: 3/31
    11 | D        | Killed a bag of meat
    11 | D        | Reached skill level 20 in Axes
    11 | D        | Reached XP level 13. HP: 1/84 MP: 3/32
    12 | D        | Noticed a meat berserker
    12 | D        | Noticed a bag of meat
    12 | D        | Noticed a meat berserker
    12 | D        | Killed a meat berserker
    12 | D        | Reached skill level 23 in Axes
    12 | D        | Gained mutation: Your wings are large and strong. [gargoyle growth]
    12 | D        | Reached XP level 14. HP: 88/90 MP: 3/32
    12 | D        | Killed a meat berserker
    12 | D        | Acquired Makhleb's second power
    12 | D        | Reached skill level 25 in Axes
    12 | D        | Killed a bag of meat
    12 | D        | Reached skill level 26 in Axes
    12 | D        | Reached XP level 15. HP: 91/94 MP: 3/33
    13 | D        | Noticed a meat berserker
    13 | D        | Killed a bag of meat
    13 | D        | Reached skill level 27 in Axes
    14 | D        | Noticed a bag of meat
    14 | D        | Noticed a bag of meat
    15 | D        | Noticed a bag of meat
    15 | D        | Noticed a bag of meat
    15 | D        | Noticed a bag of meat
    15 | D        | Killed a bag of meat
    15 | D        | Acquired Makhleb's third power
    16 | D        | Noticed a bag of meat
    16 | D        | Killed a meat berserker
    16 | D        | Reached XP level 16. HP: 120/127 MP: 4/34
    16 | D        | Killed a bag of meat
    17 | D        | Noticed a meat berserker
    17 | D        | Killed a bag of meat
    17 | D        | Acquired Makhleb's fourth power
    17 | D        | Reached skill level 27 in Fighting
    18 | D        | Noticed a bag of meat
    18 | D        | Noticed a bag of meat
    18 | D        | Killed a meat berserker
    18 | D        | Reached skill level 15 in Dodging
    19 | D        | Killed a bag of meat
    19 | D        | Reached XP level 17. HP: 84/139 MP: 5/34
    19 | D        | Killed a bag of meat
    20 | D        | Killed a bag of meat
    21 | D        | Noticed a bag of meat
    21 | D        | Noticed a large bag of meat
    22 | D        | Noticed a bag of meat
    22 | D        | Killed a bag of meat
    22 | D        | Acquired Makhleb's fifth power
    23 | D        | Noticed a meat berserker
    23 | D        | Noticed a bag of meat
    23 | D        | Killed a meat berserker
    23 | D        | Reached XP level 18. HP: 145/145 MP: 5/35
    23 | D        | Killed a bag of meat
    23 | D        | Killed a bag of meat
    23 | D        | Reached skill level 27 in Dodging
    24 | D        | Noticed a meat berserker
    25 | D        | Killed a large bag of meat
    25 | D        | Killed a bag of meat
    25 | D        | Killed a bag of meat
    25 | D        | Reached XP level 19. HP: 151/151 MP: 6/36
    25 | D        | Killed a bag of meat
    25 | D        | Reached skill level 27 in Translocations
    25 | D        | Reached skill level 5 in Armour
    26 | D        | Noticed a meat berserker
    26 | D        | Noticed a bag of meat
    26 | D        | Noticed a bag of meat
    27 | D        | Noticed a bag of meat
    27 | D        | Noticed a large bag of meat
    27 | D        | Killed a bag of meat
    28 | D        | Killed a bag of meat
    29 | D        | Noticed a bag of meat
    29 | D        | Noticed a meat berserker
    30 | D        | Killed a meat berserker
    30 | D        | Killed a bag of meat
    30 | D        | Reached XP level 20. HP: 157/157 MP: 7/36
    30 | D        | Killed a bag of meat
    30 | D        | Reached skill level 27 in Armour
    30 | D        | Killed a bag of meat
    31 | D        | Killed a large bag of meat
    31 | D        | Killed a meat berserker
    32 | D        | Killed a bag of meat
    33 | D        | Noticed a meat berserker
    33 | D        | Noticed a meat berserker
    33 | D        | Killed a meat berserker
    34 | D        | Noticed a meat berserker
    34 | D        | Killed a bag of meat
    34 | D        | Reached XP level 21. HP: 163/163 MP: 8/46
    34 | D        | Killed a bag of meat
    34 | D        | Reached skill level 27 in Spellcasting
    35 | D        | Noticed a bag of meat
    35 | D        | Noticed a bag of meat
    35 | D        | Noticed a destroyer
    35 | D        | Noticed a destroyer
    36 | D        | Noticed a bag of meat
    36 | D        | Noticed a bag of meat
    36 | D        | Noticed a bag of meat
    36 | D        | Noticed a bag of meat
    36 | D        | Killed a meat berserker
    37 | D        | Noticed a bag of meat
    37 | D        | Noticed a bag of meat
    37 | D        | Noticed a bag of meat
    37 | D        | Noticed a bag of meat
    37 | D        | Noticed a sculptor of flesh
    37 | D        | Killed a meat berserker
    38 | D        | Noticed a bag of meat
    38 | D        | Noticed a bag of meat
    38 | D        | Killed a destroyer
    38 | D        | Killed a bag of meat
    39 | D        | Noticed a bag of meat
    39 | D        | Noticed a destroyer
    39 | D        | Killed a destroyer
    39 | D        | Killed a meat berserker
    39 | D        | Reached skill level 27 in Unarmed Combat
    39 | D        | Reached XP level 22. HP: 169/169 MP: 9/47
    39 | D        | Killed a meat berserker
    40 | D        | Noticed a large bag of meat
    40 | D        | Killed a sculptor of flesh
    41 | D        | Noticed a destroyer
    41 | D        | Noticed a bag of meat
    42 | D        | Noticed a sculptor of flesh
    42 | D        | Killed a bag of meat
    42 | D        | Killed a destroyer
    43 | D        | Killed a bag of meat
    43 | D        | Reached skill level 27 in Invocations
    43 | D        | Killed a bag of meat
    44 | D        | Noticed a destroyer
    44 | D        | Killed a bag of meat
    44 | D        | Reached XP level 23. HP: 175/175 MP: 10/48
    44 | D        | Killed a bag of meat
    44 | D        | Killed a bag of meat
    45 | D        | Noticed a sculptor of flesh
    45 | D        | Killed a bag of meat
    45 | D        | Reached skill level 27 in Throwing
    46 | D        | Noticed a destroyer
    46 | D        | Killed a sculptor of flesh
    46 | D        | Killed a bag of meat
    47 | D        | Killed a large bag of meat
    47 | D        | Killed a bag of meat
    47 | D        | Reached skill level 27 in Stealth
    47 | D        | Killed a bag of meat
    47 | D        | Killed a bag of meat
    47 | D        | Reached XP level 24. HP: 181/181 MP: 10/48
    48 | D        | Noticed a destroyer
    49 | D        | Noticed a bag of meat
    49 | D        | Killed a destroyer
    49 | D        | Killed a destroyer
    50 | D        | Noticed a destroyer
    50 | D        | Killed a bag of meat
    51 | D        | Killed a bag of meat
    52 | D        | Noticed a bag of meat
    52 | D        | Killed a destroyer
    53 | D        | Noticed an accursed
    53 | D        | Killed a destroyer
    54 | D        | Noticed a meat berserker
    54 | D        | Killed a sculptor of flesh
    56 | D        | Noticed an accursed
    56 | D        | Noticed a tyrant
    56 | D        | Noticed a destroyer
    56 | D        | Noticed a destroyer
    56 | D        | Killed a destroyer
    56 | D        | Reached XP level 25. HP: 187/187 MP: 12/49
    57 | D        | Killed a meat berserker
    57 | D        | Killed a bag of meat
    58 | D        | Noticed a meat berserker
    59 | D        | Killed a destroyer
    60 | D        | Killed a bag of meat
    61 | D        | Killed an accursed
    62 | D        | Killed a meat berserker
    64 | D        | Noticed an accursed
    65 | D        | Killed a tyrant
    65 | D        | Killed a destroyer
    66 | D        | Killed a bag of meat
    67 | D        | Noticed a bag of meat
    68 | D        | Noticed a bag of meat
    68 | D        | Killed an accursed
    68 | D        | Reached XP level 26. HP: 193/193 MP: 15/49
    69 | D        | Killed an accursed
    70 | D        | Noticed a bag of meat
    70 | D        | Noticed a dread
    71 | D        | Killed a bag of meat
    72 | D        | Noticed a meat berserker
    73 | D        | Noticed a meat berserker
    75 | D        | Noticed a bag of meat
    75 | D        | Killed a dread
    75 | D        | Killed a bag of meat
    76 | D        | Noticed a bag of meat
    76 | D        | Noticed a bag of meat
    76 | D        | Noticed an accursed
    77 | D        | Noticed a meat beast
    77 | D        | Killed a meat berserker
    77 | D        | Killed a meat berserker
    79 | D        | Killed a bag of meat
    80 | D        | Noticed a meat berserker
    80 | D        | Noticed a meat berserker
    80 | D        | Killed a bag of meat
    81 | D        | Noticed a meat berserker
    81 | D        | Killed a bag of meat
    83 | D        | Noticed a tyrant
    83 | D        | Noticed a bag of meat
    83 | D        | Killed an accursed
    83 | D        | Killed a lost soul
    83 | D        | Reached XP level 27. HP: 199/199 MP: 19/49
    84 | D        | Noticed a bag of meat
    84 | D        | Noticed a meat beast
    84 | D        | Killed a meat beast
    85 | D        | Noticed a dread
    85 | D        | Killed a meat berserker
    85 | D        | Killed a meat berserker
    85 | D        | Killed a meat berserker
    86 | D        | Noticed a meat beast
    86 | D        | Noticed a meat beast
    86 | D        | Noticed a dread
    86 | D        | Noticed a destroyer
    87 | D        | Noticed a meat berserker
    87 | D        | Noticed a meat beast
    87 | D        | Killed a meat beast
    88 | D        | Noticed a bag of meat
    89 | D        | Noticed a tyrant
    89 | D        | Noticed a bag of meat
    89 | D        | Killed a tyrant
    89 | D        | Killed a bag of meat
    90 | D        | Noticed a bag of meat
    90 | D        | Killed a meat beast
    90 | D        | Killed a meat berserker
    90 | D        | Killed a meat beast
    90 | D        | Killed a bag of meat
    91 | D        | Noticed a meat berserker
    91 | D        | Killed a meat beast
    92 | D        | Noticed a bag of meat
    92 | D        | Noticed a meat berserker
    92 | D        | Noticed a meat berserker
    93 | D        | Noticed a tyrant
    93 | D        | Noticed a bag of meat
    93 | D        | Noticed a tyrant
    93 | D        | Noticed a meat beast
    94 | D        | Noticed a bag of meat
    95 | D        | Noticed a meat beast
    95 | D        | Killed a meat berserker
    95 | D        | Killed a bag of meat
    96 | D        | Noticed a tyrant
    96 | D        | Killed a meat berserker
    96 | D        | Killed a bag of meat
    96 | D        | Killed a bag of meat
    96 | D        | Killed a meat berserker
    97 | D        | Killed a tyrant
    97 | D        | Killed a meat beast
    97 | D        | Killed a bag of meat
    98 | D        | Killed a tyrant
    98 | D        | Killed a bag of meat
    99 | D        | Noticed an accursed
    99 | D        | Killed a bag of meat
    99 | D        | Killed a tyrant
   101 | D        | Noticed The Defiler
   101 | D        | Killed a dread
   101 | D        | Killed a bag of meat
   102 | D        | Killed a meat beast
   102 | D        | Killed a destroyer
   103 | D        | Noticed a meat berserker
   103 | D        | Noticed a tyrant
   104 | D        | Noticed a bag of meat
   104 | D        | Killed a lost soul
   105 | D        | Killed a tyrant
   105 | D        | Killed a dread
   106 | D        | Noticed a large bag of meat
   107 | D        | Killed an observer
   109 | D        | Killed from afar by a lost soul

Action                   |  1- 3 |  4- 6 |  7- 9 | 10-12 | 13-15 | 16-18 | 19-21 | 22-24 | 25-27 || total
-------------------------+-------+-------+-------+-------+-------+-------+-------+-------+-------++-------
Melee: Executioner's axe |     1 |       |       |     1 |     4 |     7 |    11 |    15 |    33 ||    72
